 Dungeon Crawl Stone Soup version 0.22.1-1-ga44c0e5 (webtiles) character file.

23492 brandon the Severer (level 12, -4/114 (115) HPs)
             Began as a Minotaur Berserker on Oct 1, 2018.
             Was a High Priest of Trog.
             Slain by a spatial maelstrom (20 damage)
             ... while paralysed by accursed screaming
             ... on level 3 of the Abyss.
             The game lasted 00:35:42 (16619 turns).

brandon the Severer (Minotaur Berserker)           Turns: 16619, Time: 00:35:43

HP:   -4/114 (115)  AC: 17    Str: 22    XL:     12   Next: 72%
MP:   3/3           EV:  2    Int:  4    God:    Trog [*****.]
Gold: 660           SH:  0    Dex: 20    Spells: 11/11 levels left

rFire    . . .     SeeInvis .   N - +2 executioner's axe (antimagic)
rCold    . . .     Gourm    .   (shield currently unavailable)
rNeg     . . .     Faith    .   q - +0 chain mail
rPois    .         Spirit   .   (helmet restricted)
rElec    .         Reflect  .   (no cloak)
rCorr    .         Harm     .   a - +1 pair of gloves
MR       .....                  (no boots)
Stlth    ..........             (no amulet)
HPRegen  0.00/turn              t - +2 ring of protection
MPRegen  0.08/turn              p - +5 ring of dexterity

@: paralysed, berserk cooldown, non-regenerating, diseased, slowed
A: retaliatory headbutt, horns 2
a: Berserk, Trog's Hand, Brothers in Arms, Renounce Religion


You were on level 3 of the Abyss.
You worshipped Trog.
Trog was extremely pleased with you.
You were very hungry.

You visited 2 branches of the dungeon, and saw 12 of its levels.
You visited the Abyss 1 time.

You collected 660 gold pieces.

Inventory:

Hand Weapons
 N - a +2 antimagic executioner's axe (weapon)
Armour
 a - a +1 pair of gloves (worn)
 q - a +0 chain mail (worn)
 P - a +0 large shield
Jewellery
 p - a +5 ring of dexterity (right hand)
 t - a +2 ring of protection (left hand)
 B - an uncursed ring of fire
 E - an uncursed ring of resist corrosion
Wands
 i - a wand of flame (14)
 y - a wand of iceblast (8)
 D - a wand of disintegration (13)
 M - a wand of random effects (29)
Scrolls
 e - 5 scrolls of identify
 f - 2 scrolls of teleportation
 m - 3 scrolls of amnesia
 n - a scroll of enchant weapon
 r - 2 scrolls of random uselessness {unknown}
 s - a scroll of magic mapping
 v - 3 scrolls of enchant armour
 x - a scroll of acquirement {unknown}
 A - 4 scrolls of remove curse
 C - a scroll of blinking
 F - a scroll of silence
 H - a scroll of noise {unknown}
 J - a scroll of immolation {unknown}
 K - a scroll of fog {unknown}
Potions
 b - 3 potions of might {unknown}
 d - 4 potions of degeneration
 g - 3 potions of lignification
 h - a potion of berserk rage {unknown}
 j - 3 potions of ambrosia
 k - 2 potions of resistance
 l - 5 potions of agility
 o - 5 potions of curing
 u - 3 potions of haste {unknown}
 w - 3 potions of magic {unknown}
 z - a potion of mutation {unknown}
 I - 2 potions of flight {unknown}
 L - 2 potions of invisibility
 O - a potion of heal wounds {unknown}
Miscellaneous
 G - a box of beasts
Comestibles
 c - 13 rations


   Skills:
 + Level 13.1 Fighting
 * Level 17.3 Axes
 + Level 12.8 Armour
 - Level 2.4 Dodging


You had 11 spell levels left.
You didn't know any spells.
Your spell library contained the following spells:

 Spells                   Type           Power        Failure   Level  Hunger
 Animate Skeleton         Necr           N/A          96%         1    ##.....
 Apportation              Tloc           #.....       96%         1    ##.....
 Confusing Touch          Hex            #.....       96%         1    ##.....
 Corona                   Hex            #......      96%         1    ##.....
 Summon Small Mammal      Summ           #...         96%         1    ##.....
 Corpse Rot               Necr           N/A          99%         2    ###....
 Slow                     Hex            #.......     99%         2    ###....
 Sublimation of Blood     Necr           #.........   99%         2    ###....
 Inner Flame              Hex/Fire       #.......     100%        3    ####...
 Portal Projectile        Hex/Tloc       #.....       100%        3    ####...
 Spider Form              Tmut/Pois      #.........   100%        3    ####...
 Animate Dead             Necr           N/A          100%        4    #####..
 Cause Fear               Hex            #.........   100%        4    #####..
 Leda's Liquefaction      Hex/Erth       #.........   100%        4    #####..
 Summon Ice Beast         Ice/Summ       #.......     100%        4    #####..
 Agony                    Necr           #.......     100%        5    ######.
 Bolt of Draining         Conj/Necr      #.........   100%        5    ######.
 Dispel Undead            Necr           #.......     100%        5    ######.
 Excruciating Wounds      Chrm/Necr      #.........   100%        5    ######.
 Statue Form              Tmut/Erth      #........    100%        6    #######
 Dragon Form              Tmut           #.........   100%        7    #######


Dungeon Overview and Level Annotations

Branches:
Dungeon (11/15)            Temple (0/1) D:7            Lair (1/6) D:9
    Orc: D:9-12

Altars:
Dithmenos
Elyvilon
Kikubaaqudgha
Sif Muna
Vehumet
The Shining One

Shops:
D:9 [   D:11 }

Annotations:
Lair:1 Sonja


Innate Abilities, Weirdness & Mutations

You reflexively headbutt those who attack you in melee.
You have a pair of horns on your head.


Message History

There are monsters nearby!
A starcursed mass splits.
A spatial vortex comes into view.
A spatial maelstrom comes into view.
A starcursed mass splits. x2
The spatial maelstrom moves out of view.
A spatial vortex comes into view.
A deafening chorus of shrieks assaults your mind!
* * * LOW HITPOINT WARNING * * *
A spatial vortex comes into view.
The spatial vortex moves out of view.
A starcursed mass splits.
A cacophony of accursed wailing tears at your sanity!
* * * LOW HITPOINT WARNING * * *
You suddenly lose the ability to move!
A spatial vortex comes into view.
The spatial maelstrom hits you!
* * * LOW HITPOINT WARNING * * *
Space warps horribly around you!
You die...

###.... #.# .......
.. #..... .. .
##..... . .. .
.....#.#. # #.#.
...#....# .....
#......####....#
##.....@.##...#.#..
........v.....)...
.......##X#X#..#
....%....X..#
.........vX#X. ...
......v....X..#..#.
.......#.. #X......
....#....#.....#..
....#.##..#v#.#....


You could see 7 starcursed masses, a spatial maelstrom and a spatial vortex
(wandering).

Vanquished Creatures
  3 sphinxes (D:9)
  A blizzard demon (Abyss:3)
  2 two-headed ogres (D:10)
  Erica (D:8)
  2 unseen horrors (D:11)
  A necromancer (D:9)
  A cyclops (D:10)
  The ghost of Jaiteiro the Digger, a novice OpEE (D:5)
  A black mamba (Lair:1)
  2 spiny frogs (Lair:1)
  A gargoyle (D:10)
  Psyche (D:8)
  2 komodo dragons (Lair:1)
  2 ancient zymes (Abyss:3)
  2 hornets
  A troll (D:9)
  Prince Ribbit (D:5)
  4 hippogriffs
  A redback (D:9)
  A wraith (D:11)
  A wyvern (D:10)
  12 yaks
  A steam dragon (D:10)
  Grum (D:7)
  2 wargs (D:9)
  4 water moccasins
  A large abomination (Abyss:3)
  4 orc warriors
  3 phantoms
  5 sky beasts
  3 necrophages
  5 ice beasts
  A boggart (D:9)
  6 ogres
  4 wolves (D:7)
  8 centaurs
  3 big kobolds
  A crocodile (D:7)
  7 bullfrogs
  A scorpion (D:9)
  11 killer bees (D:9)
  3 howler monkeys (D:9)
  3 crimson imps
  5 jellies
  A quasit (D:11)
  2 bullfrog zombies
  7 orc priests
  A gnoll shaman (D:7)
  A hound (D:7)
  3 centaur skeletons
  9 orc wizards
  A bullfrog skeleton (D:8)
  Ijyb (D:4)
  6 iguanas
  9 worker ants
  3 hound skeletons
  A killer bee simulacrum (D:5)
  A howler monkey skeleton (D:10)
  2 worker ant zombies
  22 gnolls
  16 adders
  2 shadow imps
  A white imp (D:5)
  A worker ant simulacrum (D:5)
  An ooze (D:1)
  2 adder zombies
  2 adder skeletons
  2 worms
  A dart slug (D:4)
  7 leopard geckos
  51 orcs
  A ball python (D:4)
  6 giant cockroaches
  17 goblins
  16 hobgoblins
  7 jackals
  6 quokkas
  11 bats
  8 frilled lizards
  A jackal zombie (D:5)
  21 kobolds
  A leopard gecko simulacrum (D:5)
  A quokka simulacrum (D:5)
  2 quokka skeletons
  9 rats
389 creatures vanquished.

Vanquished Creatures (collateral kills)
  A necromancer (D:9)
  A freezing wraith (D:9)
  An acid dragon (D:11)
3 creatures vanquished.

Vanquished Creatures (others)
  A leopard gecko (D:8)
  A quokka (D:8)
  6 plants (D:9)
8 creatures vanquished.

Grand Total: 400 creatures vanquished

Notes
Turn   | Place    | Note
-------+----------+-------------------------------------------
     0 | D:1      | brandon the Minotaur Berserker began the quest for the Orb.
     0 | D:1      | Reached XP level 1. HP: 19/19 MP: 0/0
   109 | D:1      | Reached skill level 4 in Axes
   109 | D:1      | Reached XP level 2. HP: 23/27 MP: 1/1
   712 | D:1      | Reached XP level 3. HP: 33/33 MP: 2/2
   901 | D:1      | Reached ** piety under Trog
  1024 | D:2      | Found a faded altar of an unknown god.
  1424 | D:2      | Reached XP level 4. HP: 41/41 MP: 3/3
  1862 | D:3      | Found a deep blue altar of Sif Muna.
  1862 | D:3      | Found a white marble altar of Elyvilon.
  1911 | D:3      | Reached skill level 5 in Axes
  2024 | D:3      | Reached XP level 5. HP: 44/47 MP: 4/4
  2414 | D:4      | Noticed a phantom
  2432 | D:4      | Killed a phantom
  2432 | D:4      | Reached skill level 5 in Fighting
  2432 | D:4      | Reached skill level 6 in Axes
  2458 | D:4      | Reached XP level 6. HP: 42/56 MP: 5/5
  2465 | D:4      | Reached *** piety under Trog
  3150 | D:4      | Noticed Ijyb
  3153 | D:4      | Killed Ijyb
  3292 | D:5      | Entered Level 5 of the Dungeon
  3319 | D:5      | Noticed an ice beast
  3328 | D:5      | Killed an ice beast
  3328 | D:5      | Reached skill level 7 in Axes
  3483 | D:5      | Reached XP level 7. HP: 62/62 MP: 6/6
  3557 | D:5      | Found a runed gate.
  3557 | D:5      | Found a runed gate.
  3557 | D:5      | Found a runed gate.
  3597 | D:5      | Reached skill level 5 in Armour
  3599 | D:5      | Noticed Jaiteiro's ghost (novice OpEE)
  3619 | D:5      | Killed Jaiteiro's ghost
  3619 | D:5      | Reached skill level 8 in Axes
  3619 | D:5      | Reached XP level 8. HP: 19/71 MP: 7/7
  3845 | D:5      | Noticed Prince Ribbit
  3857 | D:5      | Killed Prince Ribbit
  3857 | D:5      | Reached skill level 9 in Axes
  4113 | D:5      | Reached **** piety under Trog
  4303 | D:5      | Reached skill level 10 in Axes
  5352 | D:6      | Reached XP level 9. HP: 12/81 MP: 8/8
  6302 | D:6      | Reached skill level 11 in Axes
  6452 | D:6      | Reached ***** piety under Trog
  7107 | D:7      | Found a staircase to the Ecumenical Temple.
  7412 | D:7      | Received a gift from Trog
  7915 | D:8      | Noticed Erica
  7922 | D:8      | Noticed Grum
  7987 | D:7      | Reached skill level 12 in Axes
  8372 | D:7      | Killed Grum
  8372 | D:7      | Reached XP level 10. HP: 57/90 MP: 9/9
  8588 | D:8      | Killed Erica
  8927 | D:8      | Found a radiant altar of Vehumet.
  9232 | D:8      | Reached skill level 13 in Axes
  9544 | D:8      | Noticed Psyche
  9549 | D:8      | Killed Psyche
  9549 | D:8      | Reached skill level 10 in Fighting
  9851 | D:8      | Found a glowing golden altar of the Shining One.
 10369 | D:9      | Reached skill level 10 in Armour
 10548 | D:9      | Found a staircase to the Lair.
 10864 | D:9      | Found a runed door.
 10864 | D:9      | Noticed a necromancer
 10864 | D:9      | Noticed a sphinx
 10866 | D:9      | Noticed a necromancer
 10866 | D:9      | Noticed a sphinx
 10866 | D:9      | Noticed a sphinx
 10871 | D:9      | Killed a necromancer
 10871 | D:9      | Reached skill level 14 in Axes
 10884 | D:9      | Killed a necromancer
 10884 | D:9      | Received a gift from Trog
 10884 | D:9      | Reached XP level 11. HP: 100/100 MP: 10/10
 10897 | D:9      | Killed a sphinx
 11287 | D:9      | Paralysed by a sphinx for 3 turns
 11296 | D:9      | Killed a sphinx
 11650 | D:9      | Identified the Collected Works on the Shifting Escort
 11706 | D:9      | Paralysed by a sphinx for 4 turns
 11715 | D:9      | Killed a sphinx
 11715 | D:9      | Reached skill level 15 in Axes
 11867 | D:9      | Found Vigaxt Cyngo's Antique Armour Shoppe.
 11873 | D:9      | Identified the Guide on Black Arts
 11980 | D:10     | Entered Level 10 of the Dungeon
 11980 | D:10     | Noticed a two-headed ogre
 12085 | D:10     | Killed a two-headed ogre
 12572 | D:10     | Found an ancient bone altar of Kikubaaqudgha.
 12704 | D:10     | Noticed a two-headed ogre
 12711 | D:10     | Killed a two-headed ogre
 13404 | D:10     | Reached XP level 12. HP: 107/111 MP: 11/11
 13630 | D:11     | Reached skill level 16 in Axes
 13631 | D:11     | Found a shadowy altar of Dithmenos.
 14891 | D:11     | Found Teifo's Gadget Boutique.
 15148 | D:11     | Received a gift from Trog
 15604 | Lair:1   | Entered Level 1 of the Lair of Beasts
 16285 | Lair:1   | Reached skill level 17 in Axes
 16500 | Lair:1   | Noticed Sonja
 16503 | Lair:1   | Cast into level 2 of the Abyss (Sonja)
 16597 | Abyss:3  | Noticed a blizzard demon
 16605 | Abyss:3  | Noticed a starcursed mass
 16608 | Abyss:3  | Killed a blizzard demon
 16618 | Abyss:3  | Paralysed by accursed screaming for 2 turns
 16619 | Abyss:3  | Slain by a spatial maelstrom

Skill      XL: |  1  2  3  4  5  6  7  8  9 10 11 12 |
---------------+-------------------------------------+-----
Axes           | 4 5 6 7 8 10 12 14 15 17 | 17.3
Fighting       | 4 5 6 7 9 10 12 13 | 13.1
Armour         | 3 4 5 7 8 10 11 12 | 12.8
Dodging        | |  2.4

Action                   |  1- 3 |  4- 6 |  7- 9 | 10-12 || total
-------------------------+-------+-------+-------+-------++-------
Melee: Hand axe          |    90 |     4 |       |       ||    94
       Headbutt          |    17 |    23 |    64 |    95 ||   199
       War axe           |       |    69 |       |       ||    69
       Battleaxe         |       |    36 |   299 |   333 ||   668
       Flail             |       |       |       |     5 ||     5
       Executioner's axe |       |       |       |    75 ||    75
Invok: Berserk           |       |       |     9 |    11 ||    20
       Brothers in Arms  |       |       |       |     4 ||     4
  Use: Scroll            |       |     1 |       |    14 ||    15
 Stab: Sleeping          |     2 |       |       |       ||     2
  Eat: Chunk             |     1 |     7 |    11 |    16 ||    35
       Ration            |       |       |     4 |     6 ||    10
Armor: Animal skin       |    22 |       |       |       ||    22
       Chain mail        |       |    61 |   176 |   322 ||   559
Dodge: Dodged            |    82 |    51 |   159 |   221 ||   513
